 Dungeon Crawl Stone Soup version 0.29-a0-23-ga79f92ac9c (console) character file.

Game seed: 5657082894001766316

223 Cab the Chopper (level 5, -11/41 HPs)
             Began as a Demonspawn Fighter on Jan 30, 2022.
             Killed by divine providence
             ... invoked by an orc priest
              (14 damage)
             ... on level 4 of the Dungeon.
             The game lasted 00:08:23 (2899 turns).

Cab the Chopper (Demonspawn Fighter)                Turns: 2899, Time: 00:08:24

Health: -11/41     AC:  8    Str: 18    XL:     5   Next: 66%
Magic:  14/14      EV:  9    Int: 10    God:
Gold:   125        SH:  9    Dex: 12    Spells: 4/4 levels left

rFire   . . .      SeeInvis .   a - +0 war axe
rCold   . . .      Faith    .   c - +0 buckler
rNeg    . . .      Spirit   .   b - +0 scale mail
rPois   .          Reflect  +   (no helmet)
rElec   .          Harm     .   (no cloak)
rCorr   .          Rampage  .   (no gloves)
Will    .....                   (no boots)
Stlth   ..........              r - amulet of reflection
HPRegen 0.13/turn               k - ring of magical power
MPRegen 0.28/turn               (no ring)

@: no status effects
A: slimy green scales 1, magic regeneration
a: no special abilities


You were on level 4 of the Dungeon.
You visited 1 branch of the dungeon, and saw 4 of its levels.

You collected 155 gold pieces.
You spent 30 gold pieces at shops.

Inventory:

Hand Weapons
 a - a +0 war axe (weapon)
Armour
 b - a +0 scale mail (worn)
 c - a +0 buckler (worn)
Jewellery
 k - a ring of magical power (left hand)
 r - an amulet of reflection (around neck)
Wands
 j - a wand of mindburst (20)
Scrolls
 e - a scroll of immolation {unknown}
 h - a scroll of fear {unknown}
 l - a scroll of noise {unknown}
 n - a scroll of amnesia {unknown}
 o - a scroll of identify {unknown}
 p - 3 scrolls of enchant armour {unknown}
 q - 3 scrolls of teleportation {unknown}
Potions
 d - 2 potions of might
 f - 3 potions of attraction {unknown}
 g - a potion of invisibility {unknown}
 i - 2 potions of lignification {unknown}
 m - a potion of curing


   Skills:
 - Level 3.0 Fighting
 + Level 5.5 Axes
 - Level 2.6 Armour
 - Level 2.6 Shields


You had 4 spell levels left.
You didn't know any spells.
Your spell library was empty.

Dungeon Overview and Level Annotations

Branches:
Dungeon (4/15)
 Temple: D:4-7

Altars:
Yredelemnul

Shops:
D:1 (   D:2 !

Annotations:
D:4 1 runed translucent door, Pikel; mfcas's ghost, novice DjCj


Innate Abilities, Weirdness & Mutations

You are partially covered in slimy green scales. (AC +2)
You regenerate magic rapidly.


Message History

You hit the orc priest.
The orc priest is severely wounded.
The orc priest looks satisfied for a moment.
The orc priest invokes the aid of Beogh against you.
Pain shoots through your body!
You are too injured to fight recklessly!
You are too injured to fight recklessly!
You are too injured to fight recklessly!
You completely miss the orc priest.
The orc priest is severely wounded.
A lemure comes into view.
The orc priest hits you with a +0 club.
The lemure moves out of view.
You closely miss the orc priest.
The orc priest is severely wounded.
A lemure comes into view.
You block the orc priest's attack.
The orc wizard casts a spell.
The orc wizard flickers and vanishes!
Deactivating autopickup; reactivate with Ctrl-A.
You hit the orc priest but do no damage.
The orc priest is severely wounded.
The orc priest looks braver for a moment.
Pikel, Merchant of Souls comes into view.
He is wielding a +2 whip of flaming.
Pikel shouts!
You hit the orc priest.
The orc priest is almost dead.
You hear a shout! x3
The orc priest mumbles some strange prayers to Beogh against you.
Pain shoots through your body!
* * * LOW HITPOINT WARNING * * *
The orc priest looks braver for a moment.
Press: ? - help, v - describe, . - travel The floor.
Unknown command.
You barely miss the orc priest.
The orc priest is almost dead.
The lemure shouts!
You hear a shout!
The orc priest calls down the wrath of Beogh upon you.
Beogh smites you!
You die...

▒∙∙∙∙∙▒▒ ▒▒∙ ▒∙∙∙▒▒∙▒
∙∙∙▒ ▒∙∙▒▒▒▒▒ ∙∙∙∙▒▒▒▒
▒∙∙∙∙∙▒ ▒∙∙∙▒∙∙ ▒∙∙∙∙▒▒
▒∙∙$∙▒ ▒∙∙∙▒▒ ∙▒▒▒▒∙∙∙∙▒
▒∙∙∙▒
∙∙∙∙∙∙∙∙∙▒▒▒▒▒▒▒▒∙∙∙▒
∙∙∙∙∙∙∙∙∙∙∙▒▒@∙∙▒∙∙∙▒
∙o∙∙∙∙∙∙5∙∙{o▒∙∙∙∙∙∙▒▒▒▒▒
∙∙∙∙∙∙∙∙∙∙∙∙S▒▒∙∙∙∙∙∙∙∙∙∙
∙∙∙∙∙∙∙∙∙∙∙∙∙▒▒▒∙∙∙▒▒▒▒▒▒
∙∙∙∙∙∙▒▒▒K∙∙∙∙∙∙∙∙▒▒
▒∙∙o∙∙▒▒▒∙∙∙∙∙∙∙∙∙▒
▒∙∙∙∙∙∙∙∙∙∙∙∙∙∙∙∙∙▒▒
▒▒∙∙∙∙∙∙∙∙∙∙∙∙∙∙∙∙∙▒▒ ▒∙∙
∙∙∙∙∙∙∙∙▒▒▒▒▒∙∙∙▒


You could see Pikel, a lemure, an orc priest and an adder.

Vanquished Creatures
  A bullfrog (D:3)
  An orc wizard (D:3)
  Ijyb (D:4)
  2 adders (D:3)
  An adder skeleton (D:4)
  3 dart slugs
  3 orcs (D:3)
  5 ball pythons
  6 endoplasms
  2 giant cockroaches (D:1)
  9 goblins
  3 hobgoblins
  6 jackals
  6 quokkas
  12 bats
  4 frilled lizards
  5 kobolds
  4 rats
74 creatures vanquished.

Vanquished Creatures (others)
  A plant (D:1)
1 creature vanquished.

Grand Total: 75 creatures vanquished

Notes
Turn   | Place    | Note
-------+----------+-------------------------------------------
     0 | D:1      | Cab the Demonspawn Fighter began the quest for the Orb.
     0 | D:1      | Reached XP level 1. HP: 18/18 MP: 1/1
    24 | D:1      | Reached skill level 2 in Axes
   287 | D:1      | Gained mutation: You are partially covered in slimy green
                  | scales. (AC +2) [demonic ancestry]
   287 | D:1      | Reached XP level 2. HP: 24/24 MP: 2/2
   516 | D:1      | Reached skill level 3 in Axes
   730 | D:1      | Found Uxzack's Antique Weapon Boutique.
   737 | D:1      | Gained mutation: You regenerate magic rapidly. [demonic
                  | ancestry]
   737 | D:1      | Reached XP level 3. HP: 29/29 MP: 3/3
  1059 | D:2      | Found Riuc's Distillery.
  1070 | D:2      | Bought a potion of curing for 30 gold pieces
  1787 | D:3      | Reached XP level 4. HP: 35/35 MP: 4/4
  1791 | D:3      | Reached skill level 4 in Axes
  1890 | D:3      | Noticed a bullfrog
  1898 | D:3      | Killed a bullfrog
  1899 | D:3      | Reached skill level 5 in Axes
  1899 | D:3      | Reached XP level 5. HP: 28/41 MP: 5/5
  2537 | D:4      | Noticed Ijyb
  2545 | D:4      | Killed Ijyb
  2590 | D:4      | Found a runed translucent door.
  2591 | D:4      | Noticed mfcas's ghost (novice DjCj)
  2608 | D:4      | Noticed an ogre
  2799 | D:4      | Found a basalt altar of Yredelemnul.
  2895 | D:4      | Noticed a lemure
  2896 | D:4      | Noticed a lemure
  2897 | D:4      | Noticed Pikel
  2899 | D:4      | Killed from afar by an orc priest

Illustrated notes

Levels and vault maps discovered:
D:1:      psy_arrival_heroes, layout_basic, serial_shops,
          nicolae_shop_overgrown_old_shop
D:2:      layout_rooms, serial_shops, shop_statue
D:3:      layout_loops_ring
D:4:      layout_layer_cave, general_overflow_altar, gammafunk_ghost_grave,
          uniq_ijyb, uniq_pikel

Skill      XL: |  1  2  3  4 |
---------------+-------------+-----
Axes           | 2 3 5 |  5.5
Fighting       | |  3.0
Armour         | |  2.6
Shields        | |  2.6

Action                   |  1- 3 |  4- 6 || total
-------------------------+-------+-------++-------
Melee: War axe           |   134 |    69 ||   203
  Use: Potion            |       |     1 ||     1
Armor: Scale mail        |    74 |    27 ||   101
Dodge: Dodged            |    69 |    17 ||    86
Block: Buckler           |    31 |    37 ||    68

Table legend: (Time is in decaauts)
 A = Elapsed time spent in this place.
 B = Non-inter-level travel time spent in this place.
 C = Inter-level travel time spent in this place.
 D = Time resting spent in this place.
 E = Time spent auto-exploring this place.
 F = Levels seen in this place.
 G = Mean time per level.
                   A        B        C        D        E       F      G
               +--------+--------+--------+--------+--------+-----+--------+
         Total |   2977 |   2880 |     97 |     66 |   1892 |   4 |  744.2 |
       Dungeon |   2977 |   2880 |     97 |     66 |   1892 |   4 |  744.2 |
               +--------+--------+--------+--------+--------+-----+--------+

Top non-repeatable levels by time:
     D:1: 1084 daAuts
     D:3: 933 daAuts
     D:2: 591 daAuts
     D:4: 367 daAuts
